 Dungeon Crawl Stone Soup version 0.29.1-1-gd02db6906a (webtiles) character file.

Game seed: 8091609919404529927

85 wingedge the Gusty (level 4, -1/33 HPs)
             Began as a Demigod Air Elementalist on Oct 14, 2022.
             Slain by a gnoll
             ... wielding a +0 club
             ... led by a gnoll bouda
              (3 damage)
             ... on level 3 of the Dungeon.
             The game lasted 00:08:12 (2150 turns).

wingedge the Gusty (Demigod Air Elementalist)       Turns: 2150, Time: 00:08:13

Health: -1/33      AC:  3    Str:  6 (9)  XL:     4   Next: 5%
Magic:  0/9        EV: 12    Int: 19 (21) God:
Gold:   136        SH:  0    Dex: 11 (14) Spells: 4/7 levels left

rFire   . . .      SeeInvis .   p - +3 whip (elec)
rCold   . . .      Faith    .   (no shield)
rNeg    . . .      Spirit   .   a - +0 robe
rPois   .          Reflect  .   (no helmet)
rElec   .          Harm     .   (no cloak)
rCorr   .          Rampage  .   (no gloves)
Will    .....                   r - +0 pair of boots
Stlth   ++........              (no amulet)
HPRegen 0.11/turn               e - ring of wizardry
MPRegen 0.11/turn               (no ring)

@: no status effects
A: high MP 1, forlorn, divine attributes
a: no special abilities


You were on level 3 of the Dungeon.
You visited 1 branch of the dungeon, and saw 3 of its levels.

You collected 136 gold pieces.

Inventory:

Hand Weapons
 l - a +0 dagger of venom
 p - a +3 whip of electrocution (weapon)
 w - a +0 flail of protection
Missiles
 h - a throwing net
 q - 4 silver boomerangs
Armour
 a - a +0 robe (worn)
 o - a +0 ring mail
 r - a +0 pair of boots (worn)
Jewellery
 e - a ring of wizardry (left hand)
Scrolls
 c - a scroll of enchant weapon {unknown}
 d - a scroll of blinking {unknown}
 g - a scroll of noise {unknown}
 i - 2 scrolls of vulnerability
 j - a scroll of identify {unknown}
 k - a scroll of fear {unknown}
 n - a scroll of silence {unknown}
 s - a scroll of poison {unknown}
Potions
 b - a potion of magic
 f - a potion of brilliance {unknown}
 m - a potion of might {unknown}
 t - a potion of heal wounds {unknown}
 u - a potion of degeneration
 v - a potion of haste {unknown}


   Skills:
 - Level 2.0 Dodging
 - Level 2.0 Stealth
 - Level 2.0 Spellcasting
 - Level 2.0 Conjurations
 + Level 3.9 Air Magic


You had 4 spell levels left.
You knew the following spells:

 Your Spells              Type           Power      Damage    Failure   Level
a - Shock                 Conj/Air       52%        1d6       1%          1
b - Static Discharge      Conj/Air       13%        3-5/arc   3%          2

Your spell library contained the following spells:

 Spells                   Type           Power      Damage    Failure   Level
 Swiftness                Air            17%        N/A       4%          3
 Scorch                   Fire           2%         2d5       11%         2
 Airstrike                Air            8%         2d(2-18)  13%         4
 Portal Projectile        Hex/Tloc       2%         N/A       21%         3
 Tukima's Dance           Hex            1%         N/A       21%         3
 Flame Wave               Conj/Fire      5%         2d5       38%         4
 Blade Hands              Tmut           0%         N/A       86%         5
 Summon Cactus Giant      Summ           0%         N/A       100%        6


Dungeon Overview and Level Annotations

Branches:
Dungeon (3/15)


Innate Abilities, Weirdness & Mutations

You have an increased reservoir of magic. (+10% MP)
You shall have no god before yourself.
Your divine heritage dramatically boosts your attributes as you level up.


Message History

The gnoll is heavily wounded.
The gnoll closely misses you.
Unknown command.
The gnoll hits you with a +0 flail! The gnoll attacks as you move away!
The gnoll hits you with a +0 flail. The gnoll attacks as you move away!
The gnoll closely misses you. The gnoll hits you with a +0 flail!
You hit the gnoll.
The gnoll is severely wounded.
The gnoll closely misses you.
Okay, then.
Casting: Shock (safe; 1% risk of failure)
Confirm with . or Enter, or press ? or * to list all spells.
Okay, then.
You hit the gnoll.
The gnoll is severely wounded.
The gnoll hits you with a +0 flail!
* * * LOW HITPOINT WARNING * * *
Casting: Shock (safe; 1% risk of failure)
Confirm with . or Enter, or press ? or * to list all spells.
The gnoll is struck by an arc of lightning!
You kill the gnoll!
The gnoll bouda is struck by an arc of lightning.
The gnoll bouda is severely wounded.
The lightning grounds out.
The gnoll bouda calls upon its god to heal the gnoll.
The gnoll is healed somewhat.
You have reached level 4!
It was a potion of degeneration.
There was something very wrong with that liquid.
You feel weakened.
You feel dopey.
You feel clumsy. The gnoll closely misses you.
Okay, then.
You hit the gnoll. Your punch misses the gnoll.
The gnoll is heavily wounded.
The gnoll is no longer moving quickly.
The gnoll barely misses you.
You hit the gnoll.
The gnoll is severely wounded.
The gnoll hits you with a +0 club.
You die...

#).#.#
##.####...
##..#.#
### #...
##...#.#
##..
##.###..##
#.. #.##
##..####
#[. #.#
#..... ...
#.##
##..####
...
##.###..##
##@gg...##
###..#..#
#.###.#
#..#..#
##..g##
###.# ..#
#... ...g.


You could see a gnoll bouda and a gnoll.

Vanquished Creatures
  2 adders (D:2)
  2 gnolls (D:3)
  A worm (D:2)
  5 endoplasms
  3 giant cockroaches
  3 goblins
  5 hobgoblins
  4 jackals (D:2)
  5 quokkas
  4 ball pythons
  A frilled lizard (D:1)
  3 kobolds (D:1)
  3 rats
41 creatures vanquished.

Vanquished Creatures (others)
  6 plants (D:3)
6 creatures vanquished.

Grand Total: 47 creatures vanquished

Notes
Turn   | Place    | Note
-------+----------+-------------------------------------------
     0 | D:1      | wingedge the Demigod Air Elementalist began the quest for
                  | the Orb.
     0 | D:1      | Reached XP level 1. HP: 14/14 MP: 5/5
    39 | D:1      | Reached skill level 1 in Conjurations
   221 | D:1      | Reached skill level 3 in Air Magic
   435 | D:1      | Reached XP level 2. HP: 20/20 MP: 1/7
   895 | D:1      | Learned a level 2 spell: Static Discharge
  1070 | D:2      | Reached XP level 3. HP: 21/26 MP: 1/8
  2146 | D:3      | HP: 1/26 [gnoll/+0 flail[a gnoll bouda] (7)]
  2148 | D:3      | Reached XP level 4. HP: 2/33 MP: 0/9
  2150 | D:3      | Slain by a gnoll

Illustrated notes

Levels and vault maps discovered:
D:1:      nagdon_arrival_zigzag_paths, layout_rooms,
          shapermc_ecumenical_altar_petra
D:2:      layout_basic
D:3:      layout_loops_ring, mainiacjoe_overflow_alcove_2, nicolae_grassy_gnolls

Skill      XL: |  1  2 |
---------------+-------+-----
Conjurations   | 1 2 |  2.0
Air Magic      | 3 |  3.9
Dodging        | 2 |  2.0
Stealth        | 2 |  2.0
Spellcasting   | 2 |  2.0

Action                   |  1- 3 |  4- 6 || total
-------------------------+-------+-------++-------
Melee: Spear             |     5 |       ||     5
       Whip              |    11 |     2 ||    13
       Dagger            |     3 |       ||     3
 Cast: Shock             |    91 |       ||    91
       Static Discharge  |     5 |       ||     5
  Use: Scroll            |     1 |       ||     1
       Potion            |       |     1 ||     1
 Stab: Sleeping          |     1 |       ||     1
Armor: Robe              |     7 |       ||     7
Dodge: Dodged            |    15 |     2 ||    17
